 Dungeon Crawl Stone Soup version 0.19.5 (webtiles) character file.

1351 tricornhat the Cudgeler (level 8, -3/61 HPs)
             Began as a Demonspawn Berserker on Mar 24, 2017.
             Was a Priest of Trog.
             Slain by a sky beast (6 damage)
             ... on level 5 of the Dungeon.
             The game lasted 00:28:44 (3816 turns).

tricornhat the Cudgeler (Demonspawn Berserker)      Turns: 3816, Time: 00:28:46

Health: -3/61      AC:  9    Str: 19    XL:     8   Next: 36%
Magic:  8/8        EV: 12    Int:  9    God:    Trog [***...]
Gold:   150        SH:  0    Dex: 13    Spells: 0 memorised, 7 levels left

rFire  . . .     SeeInvis .     a - +0 mace
rCold  . . .     Gourm    .     m - +0 ring mail
rNeg   . . .     Faith    .     (no shield)
rPois  .         Spirit   .     w - +0 helmet
rElec  .         Reflect  .     (no cloak)
rCorr  .         Harm     .     (no gloves)
MR     .....                    (no boots)
Stlth  +.........               (no amulet)
                                (no ring)
                                (no ring)

@: no status effects
A: hooves 2, molten scales 1
a: Berserk, Trog's Hand, Burn Spellbooks, Renounce Religion


You were on level 5 of the Dungeon.
You worshipped Trog.
Trog was most pleased with you.
You were hungry.

You visited 1 branch of the dungeon, and saw 5 of its levels.
You also visited: Sewer.

You collected 150 gold pieces.

Inventory:

Hand Weapons
 a - a +0 mace (weapon)
Armour
 b - a +0 animal skin
 m - a +0 ring mail (worn)
 w - a +0 helmet (worn)
Jewellery
 q - an uncursed ring of flight
Wands
 r - a wand of polymorph (11/24)
Scrolls
 c - a scroll of amnesia
 d - 3 scrolls of remove curse
 h - a scroll of immolation {unknown}
 o - a scroll of blinking {unknown}
 p - 2 scrolls of recharging {unknown}
 u - a scroll of fog {unknown}
 v - 2 scrolls of enchant armour {unknown}
 y - 3 scrolls of teleportation {unknown}
 B - a scroll of magic mapping {unknown}
 C - a scroll of noise {unknown}
Potions
 g - a potion of agility {unknown}
 i - 2 potions of degeneration {unknown}
 j - 2 potions of magic {unknown}
 k - 2 potions of brilliance {unknown}
 l - 2 potions of mutation {unknown}
 s - a potion of ambrosia {unknown}
 t - a potion of lignification {unknown}
 x - a potion of invisibility {unknown}
 z - 2 potions of might {unknown}
 A - a potion of curing
Comestibles
 f - 2 meat rations
 n - 2 bread rations


   Skills:
 + Level 4.9 Fighting
 * Level 7.7 Maces & Flails
 + Level 3.9 Armour
 + Level 3.3 Dodging
 + Level 1.0 Stealth
 + Level 0.1 Unarmed Combat


You had 7 spell levels left.
You didn't know any spells.

Dungeon Overview and Level Annotations

Branches:
Dungeon (5/15)
 Temple: D:4-7

Altars:
Kikubaaqudgha
Nemelex Xobeh
Sif Muna
Zin


Innate Abilities, Weirdness & Mutations

You have hoof-like feet.
You are partially covered in molten scales. (AC +2)


Message History

You hit the orc.
The orc is almost dead.
The orc hits you with a trident. Something hits you. Something shocks you.
* * * LOW HITPOINT WARNING * * *
You closely miss the orc. Your kick misses the orc.
The orc is almost dead.
The orc hits you with a trident.
* * * LOW HITPOINT WARNING * * *
Something hits you.
* * * LOW HITPOINT WARNING * * *
Something shocks you.
* * * LOW HITPOINT WARNING * * *
As you read the scroll labeled ARALEI FICOU, it crumbles to dust.
The dust glows dark magenta!
It was a scroll of random uselessness.
The orc hits you with a trident.
* * * LOW HITPOINT WARNING * * *
Something hits you.
* * * LOW HITPOINT WARNING * * *
Something shocks you.
You die...

## ... .## #.. ..## #..
#..## ... ##..## ..#
##..## #.### #### ##..##
#).## #...# #...##
#o.###....## ###..#
#.@........# #...###
##(......... . #.#>..####
#.......... .#
#.#...#..###..........
..###.......###...........
...#....##........#..#...#
#...#####.......#..# .##
##...## #.###........ .
##.....## #...........##


You could see an orc.

Vanquished Creatures
  Pikel (D:4)
  The ghost of sveltemanboy the Slasher, an amateur DsGl (D:4)
  A sky beast (D:4)
  Blork the orc (D:4)
  A howler monkey (D:4)
  2 jellies
  An orc priest (D:5)
  2 orc wizards
  Terence (D:3)
  2 worker ants (D:4)
  Robin (D:2)
  10 adders
  7 river rats (Sewer)
  An adder skeleton (D:5)
  3 worms
  2 leopard geckos
  7 orcs
  5 ball pythons
  5 bats
  5 giant cockroaches
  13 goblins
  8 hobgoblins
  5 kobolds
  8 frilled lizards
  16 rats
  A plant (D:2)
110 creatures vanquished.

Vanquished Creatures (others)
  2 slaves (D:4)
  An ogre (D:4)
  A worker ant (D:4)
  A quokka skeleton (D:4)
5 creatures vanquished.

Grand Total: 115 creatures vanquished

Notes
Turn   | Place    | Note
-------+----------+-------------------------------------------
     0 | D:1      | tricornhat the Demonspawn Berserker began the quest for the Orb.
     0 | D:1      | Reached XP level 1. HP: 18/18 MP: 1/1
   141 | D:1      | Gained mutation: You are partially covered in molten scales. (AC +2) [demonic ancestry]
   141 | D:1      | Reached XP level 2. HP: 24/24 MP: 2/2
   689 | D:2      | Reached skill level 3 in Maces & Flails
   810 | D:2      | Reached XP level 3. HP: 29/29 MP: 3/3
   903 | D:2      | Reached ** piety under Trog
  1155 | D:2      | Found a sparkling altar of Nemelex Xobeh.
  1157 | D:2      | Found a deep blue altar of Sif Muna.
  1336 | D:2      | Found an ancient bone altar of Kikubaaqudgha.
  1427 | D:2      | Noticed Robin
  1443 | D:2      | Killed Robin
  1443 | D:2      | Gained mutation: You have large cloven feet. [demonic ancestry]
  1443 | D:2      | Reached XP level 4. HP: 36/36 MP: 4/4
  1720 | D:2      | Found a glowing silver altar of Zin.
  2141 | D:3      | Noticed Terence
  2180 | D:3      | Killed Terence
  2329 | D:3      | Reached skill level 4 in Maces & Flails
  2329 | D:3      | Reached XP level 5. HP: 36/42 MP: 5/5
  2464 | D:4      | Noticed Pikel
  2464 | D:4      | Noticed a slave
  2464 | D:4      | Noticed a slave
  2464 | D:4      | Noticed a slave
  2464 | D:4      | Noticed a slave
  2472 | D:4      | Killed Pikel
  2472 | D:4      | Reached skill level 6 in Maces & Flails
  2472 | D:4      | Reached skill level 1 in Stealth
  2472 | D:4      | Gained mutation: You have hoof-like feet. [demonic ancestry]
  2472 | D:4      | Reached XP level 6. HP: 39/49 MP: 6/6
  2472 | D:4      | Reached XP level 7. HP: 44/55 MP: 7/7
  2500 | D:4      | Noticed sveltemanboy's ghost (amateur DsGl)
  2610 | D:4      | Killed sveltemanboy's ghost
  2790 | D:4      | Found a glowing drain.
  2819 | Sewer    | Entered a sewer
  2861 | Sewer    | Reached *** piety under Trog
  3045 | Sewer    | Reached skill level 7 in Maces & Flails
  3194 | D:4      | Reached XP level 8. HP: 49/61 MP: 8/8
  3526 | D:4      | Noticed Blork the orc
  3534 | D:4      | Killed Blork the orc
  3570 | D:5      | Entered Level 5 of the Dungeon
  3810 | D:5      | Received a gift from Trog
  3816 | D:5      | HP: 3/61 [something (3)]
  3816 | D:5      | Slain by a sky beast

Skill      XL: |  1  2  3  4  5  6  7 |
---------------+----------------------+-----
Maces & Flails | 3 4 6 7 |  7.7
Dodging        | 2 3 |  3.3
Armour         | 2 3 |  3.9
Fighting       | 4 |  4.9
Stealth        | 1 |  1.0
Unarmed Combat | |  0.1

Action                   |  1- 3 |  4- 6 |  7- 9 || total
-------------------------+-------+-------+-------++-------
Melee: Mace              |   152 |    81 |   216 ||   449
       Kick              |       |    24 |    53 ||    77
       Unarmed           |       |    18 |       ||    18
       Punch             |       |       |     1 ||     1
Invok: Berserk           |     1 |     2 |     3 ||     6
  Use: Potion            |     1 |     1 |     1 ||     3
       Scroll            |       |     2 |     1 ||     3
 Stab: Sleeping          |     2 |       |       ||     2
  Eat: Chunk             |     1 |     2 |     8 ||    11
       Bread ration      |       |     1 |       ||     1
Armor: Animal skin       |    37 |    10 |       ||    47
       Ring mail         |       |    24 |    98 ||   122
Dodge: Dodged            |    61 |    88 |   132 ||   281
